 Dungeon Crawl Stone Soup version 0.30-b1-2-g02819fbbbe (webtiles) character file.

Game seed: 13885397944154726806

39564 Flugkiller the Eclecticist (level 13, -5/103 HPs)
             Began as a Mummy Summoner on May 20, 2023.
             Was an Elder of Ashenzari.
             Splashed by a goliath frog's acid (9 damage)
             ... on level 5 of the Lair of Beasts.
             The game lasted 00:45:22 (14533 turns).

Flugkiller the Eclecticist (Mummy Summoner)        Turns: 14533, Time: 00:45:23

Health: -5/103     AC:  9    Str: 11    XL:     13   Next: 69%
Magic:  0/37       EV: 13    Int: 18    God:    Ashenzari [****..]
Gold:   1229       SH:  5    Dex: 14    Spells: 22/52 levels left

rFire   . . .        j - +3 scimitar of Cremastomancy {drain, Evo, Self} (curse)
rCold   . . .        H - +0 buckler of the Bound Welkin {Self, Alch} (curse)
rNeg    + + +        e - +3 leather armour "Tethered With Me" {Comp, Evo} (curse)
rPois   ∞            q - +1 hat "At What Cost Knowledge?" {Evo, Range} (curse)
rElec   .            C - +2 cloak "Gnosis of Ashenzari" {Self, Evo} (curse)
rCorr   .            d - +2 pair of gloves of Supernal Understanding {Comp, Bglg} (curse)
SInv    +            (no boots)
Will    +....        p - amulet of guardian spirit
Stlth   ++           J - ring of wizardry
HPRegen 0.37/turn    I - ring of fire
MPRegen 0.25/turn

%: clarity, guardian spirit, faith, wizardry (x1)
@: swift, corroded, very quick
A: cold resistance 1, negative energy resistance 3, torment resistance 2, heat
vulnerability 1, in touch with death 2, no potions, faith
a: Renounce Religion, Curse Item, Shatter the Chains


You were on level 5 of the Lair of Beasts.
You worshipped Ashenzari.
Ashenzari was greatly pleased with you.
You visited 3 branches of the dungeon, and saw 17 of its levels.
You visited the Abyss 1 time.
You also visited: Bailey.

You collected 1229 gold pieces.

Inventory:

Hand Weapons
 c - a +0 dagger
   (You took it off a kobold on level 1 of the Dungeon)
 j - the cursed +3 scimitar of Cremastomancy (weapon) {drain, Evo, Self}
   (You found it on level 2 of the Dungeon)

   It has a curse which improves the following skills: Evocations: Evocations.
   Introspection: Fighting and Spellcasting.
 E - the +5 scythe "Finisher" {speed, execute}
   (You found it on level 9 of the Dungeon)
Missiles
 b - 28 poisoned darts
 g - 4 throwing nets
 m - 6 silver javelins
Armour
 d - the cursed +2 pair of gloves of Supernal Understanding (worn) {Comp, Bglg}
   (You found it on level 1 of the Dungeon)

   It has a curse which improves the following skills: Companions: Summonings
   and Necromancy.
   Beguiling: Conjurations, Hexes and Translocations.
 e - the cursed +3 leather armour "Tethered With Me" (worn) {Comp, Evo}
   (You found it on level 3 of the Dungeon)

   It has a curse which improves the following skills: Companions: Summonings
   and Necromancy.
   Evocations: Evocations.
 o - a +0 helmet
   (You found it on level 8 of the Dungeon)
 q - the cursed +1 hat "At What Cost Knowledge?" (worn) {Evo, Range}
   (You found it on level 5 of the Dungeon)

   It has a curse which improves the following skills: Evocations: Evocations.
   Ranged Combat: Ranged Weapons and Throwing.
 s - the +1 robe "Menewewk" {rN+ Str+2}
   (You found it on level 5 of the Dungeon)

   Str:       It affects your strength (+2).
   rN:        It protects you from negative energy.
 y - a +0 kite shield
   (You took it off a gnoll sergeant on level 7 of the Dungeon)
 C - the cursed +2 cloak "Gnosis of Ashenzari" (worn) {Self, Evo}
   (You found it on level 8 of the Dungeon)

   It has a curse which improves the following skills: Introspection: Fighting
   and Spellcasting.
   Evocations: Evocations.
 F - the +0 ring mail of Trial and Error {rC++ Str-4 Int+8}
   (You found it on level 10 of the Dungeon)

   Str:       It affects your strength (-4).
   Int:       It affects your intelligence (+8).
   rC:        It greatly protects you from cold.
 G - the +0 pair of boots of the Trout {Harm}
   (You found it on level 11 of the Dungeon)

   Harm:      It increases damage dealt and taken.
 H - the cursed +0 buckler of the Bound Welkin (worn) {Self, Alch}
   (You found it on level 11 of the Dungeon)

   It has a curse which improves the following skills: Introspection: Fighting
   and Spellcasting.
   Alchemy:   Poison Magic and Transmutations.
Jewellery
 p - an amulet of guardian spirit (around neck)
   (You found it on level 5 of the Dungeon)
 A - a ring of ice
   (You took it off Fannar on level 1 of the Lair of Beasts)
 I - a ring of fire (right hand)
   (You found it on level 2 of the Lair of Beasts)
 J - a ring of wizardry (left hand)
   (You found it on level 2 of the Lair of Beasts)
Wands
 h - a wand of charming (6)
   (You found it on level 2 of the Dungeon)
 u - a wand of polymorph (9)
   (You found it on level 5 of the Dungeon)
 v - a wand of mindburst (25)
   (You found it on level 7 of the Dungeon)
 w - a wand of roots (2)
   (You found it on level 7 of the Dungeon)
Scrolls
 f - 6 scrolls of poison
 i - a scroll of fog
 k - a scroll of magic mapping
 l - 2 scrolls of vulnerability
 n - a scroll of amnesia
 r - 18 scrolls of identify
 t - 4 scrolls of teleportation
 x - a scroll of torment
 B - 7 scrolls of summoning
 D - 7 scrolls of enchant weapon


   Skills:
 - Level 6.4(10.0) Fighting
 - Level 2.0 Long Blades
 - Level 6.0 Dodging
 - Level 1.5 Stealth
 - Level 4.0 Shields
 - Level 16.5(20.0) Spellcasting
 - Level 11.3(14.0) Summonings
 - Level 2.5(4.1) Translocations
 - Level 4.0 Ice Magic
 + Level 4.7 Air Magic
 - Level 4.8(8.9) Evocations


You had 22 spell levels left.
You knew the following spells:

 Your Spells              Type           Power      Damage    Failure   Level
a - Summon Small Mammal   Summ           100%       N/A       0%          1
b - Call Imp              Summ           100%       N/A       1%          2
c - Call Canine Familiar  Summ           62%        N/A       1%          3
d - Summon Guardian Gole  Hex/Summ       43%        N/A       1%          3
e - Summon Lightning Spi  Summ/Air       51%        N/A       1%          4
f - Frozen Ramparts       Ice            64%        1d10      1%          3
g - Summon Cactus Giant   Summ           31%        N/A       1%          6
h - Summon Forest         Summ/Tloc      25%        N/A       1%          5
w - Swiftness             Air            35%        N/A       1%          3

Your spell library contained the following spells:

 Spells                   Type           Power      Damage    Failure   Level
 Freeze                   Ice            100%       1d10      1%          1
 Shock                    Conj/Air       100%       1d9       1%          1
 Slow                     Hex            72%        N/A       1%          1
 Poisonous Vapours        Pois/Air       52%        N/A       1%          2
 Vhi's Electric Charge    Tloc/Air       66%        N/A       1%          3
 Hailstorm                Conj/Ice       25%        3d7       2%          3
 Mephitic Cloud           Conj/Pois/Air  24%        N/A       3%          3
 Airstrike                Air            17%        2d(3-19)  3%          4
 Summon Mana Viper        Hex/Summ       43%        N/A       3%          5
 Confusing Touch          Hex            18%        N/A       6%          3
 Vampiric Draining        Necr           43%        2d9       6%          3
 Freezing Cloud           Conj/Ice/Air   14%        6-21      17%         5
 Leda's Liquefaction      Hex/Erth       9%         N/A       21%         4
 Arcjolt                  Conj/Air       13%        1d23      21%         5
 Lee's Rapid Deconstruct  Erth           9%         3d7*      47%         5
 Plasma Beam              Fire/Air       19%        2x1d34    73%         6
 Maxwell's Capacitive Co  Air            17%        ∞         100%        8
 Statue Form              Tmut/Erth      Unusable   N/A       N/A         6

Dungeon Overview and Level Annotations

Branches:
Dungeon (11/15) Zot: 25869  Temple (1/1) D:4 Zot: 5884    Lair (5/5) D:9 Zot: 26104
 Shoals (0/4) Lair:2        Snake (0/4) Lair:3        Slime (0/5) Lair:4
    Orc (0/2) D:11         Bailey (visited)

Altars:
Ashenzari
Cheibriados
Dithmenos
Fedhas
Gozag
Hepliaklqana
Kikubaaqudgha
Nemelex Xobeh
Okawaru
Qazlal
Ru
Trog
Uskayaw
Vehumet
Wu Jian
Yredelemnul
Jiyva

Shops:
D:7 (

Annotations:
D:10 3 runed translucent doors, muxecoid's ghost, novice MfBr
Lair:4 1 runed translucent door


Innate Abilities, Weirdness & Mutations

You are immune to poison.
Your flesh is cold resistant. (rC+)
You are immune to negative energy. (rN+++)
You are immune to unholy pain and torment.
You are vulnerable to heat. (rF-)
You are strongly in touch with the powers of death.
You do not drink.
You have a special connection with the divine. (Faith)


Message History

The blink frog hits you!
The blink frog blinks!
The blink frog blinks!
Okay, then.
Your cactus giant hits the blink frog with a +0 giant spiked club!
The blink frog is struck by your cactus giant's spines.
The blink frog dies!
Training target 4.0 for Shields reached!
Your Shields skill increases to level 4!
You need to enable at least one skill for training.
Okay, then.
Unknown command.
Memorise Swiftness, consuming 3 spell levels and leaving 22?
You start memorising the spell.
You continue memorising. x3
You finish memorising.
Spell assigned to 'w'.
Okay, then.
Your cactus giant disappears in a puff of smoke!
You see here a blink frog corpse.
A rime drake comes into view.
Casting: Summon Cactus Giant (dangerous; 1% risk of failure)
Confirm with . or Enter, or press ? or * to list all spells.
The rime drake hisses angrily.
The rime drake breathes ice at you. The icy flash freeze misses you.
Casting: Summon Cactus Giant (dangerous; 1% risk of failure)
Confirm with . or Enter, or press ? or * to list all spells.
A forested plane collides here with a resounding crunch!
Your dryad calls out to the forest.
The forest starts to sway and rumble!
The rime drake breathes ice at you. The icy flash freeze hits you.
You are encased in ice.
A root smacks the fungus from below!
The fungus begins to die.
The fungus is hit by a branch!
The ice encasing you melts away.
A tree reaches out and hits the fungus!
Your cactus giant hits the rime drake with a +0 giant spiked club!!
Tree limbs sway around you.
The rime drake is hit by a branch!
The rime drake dies!
A root smacks the fungus from below!
A root smacks the fungus from below!
A nearby fungus withers and dies.
Trunks creak and shift.
A tree reaches out and hits the fungus!
The fungus begins to die.
The fungus is hit by a branch!
Branches wave dangerously above you.
The fungus is hit by a branch!
The trees move their gnarly branches around.
Found a stone staircase leading up.
The forest calms down.
Your cactus giant disappears in a puff of smoke!
Space becomes stable.
Your dryad disappears in a puff of smoke!
A goliath frog comes into view.
The goliath frog hits you from afar!
You are splashed with acid!
Casting: Summon Forest (dangerous; 1% risk of failure)
Confirm with . or Enter, or press ? or * to list all spells.
The goliath frog hits you from afar!
You are splashed with acid!
* * * LOW HITPOINT WARNING * * *
You swap places.
Your cactus giant hits the goliath frog with a +0 giant spiked club.
The goliath frog hits you but does no damage.
Press: ? - help, v - describe, . - travel
Here: a goliath frog (lightly wounded, ally target)
The floor.
Unknown command.
Okay, then.
You can't drink.
Unknown command.
As you read the scroll of fear, it crumbles to dust.
You assume a fearsome visage.
The goliath frog resists with some effort.
You block the goliath frog's attack.
Your cactus giant hits the goliath frog with a +0 giant spiked club!
Unknown command.
The goliath frog hits you from afar.
* * * LOW HITPOINT WARNING * * *
The acid corrodes you!
You are splashed with acid.
* * * LOW HITPOINT WARNING * * *
Unknown command.
As you read the scroll of fear, it crumbles to dust.
You assume a fearsome visage.
The goliath frog resists with some effort.
The goliath frog hits you but does no damage.
Casting: Summon Cactus Giant (dangerous; 1% risk of failure)
Confirm with . or Enter, or press ? or * to list all spells.
You don't have enough magic to cast this spell.
Casting: Summon Cactus Giant (dangerous; 1% risk of failure)
Confirm with . or Enter, or press ? or * to list all spells.
You don't have enough magic to cast this spell.
Aiming: Charm
Press: ? - help, Shift-Dir - straight line, f - goliath frog
Aim: a goliath frog (moderately wounded, ally target, chance to affect: 34%)
The goliath frog easily resists.
The goliath frog hits you but does no damage.
Casting: Summon Cactus Giant (dangerous; 1% risk of failure)
Confirm with . or Enter, or press ? or * to list all spells.
You feel quick. The goliath frog hits you from afar!!
* * * LOW HITPOINT WARNING * * *
The acid corrodes you!
You are splashed with acid!
You die...

#.............<......#
*
*##..................P#
##....................#
*
#.♣.......#.......#.#.#
#..................##*#
#..............#..## *
#P............#.### * ,
###..............### ,
#.............@....## ,
, ,
###.......†.........##
*, ,,
#...........F......# *
,, #...........C.....##
,, ##...............###
* #P.............#.# *
,, #♣♣###........#.##
## ,,
##.........####.##
*,,,,
##...........#..####,,
,


You could see a goliath frog (ally target) and a friendly cactus giant
(summoned).

Vanquished Creatures
  A two-headed ogre (D:10)
  A large abomination (Abyss:3)
  A wizard (D:11)
  A nameless horror (Lair:2)
  Maurice (D:8)
  A black mamba (Lair:4)
  3 cane toads
  2 komodo dragons
  2 trolls
  5 blink frogs
  3 raiju (Abyss:3)
  2 basilisks
  2 wraiths (D:9)
  A wyvern (Lair:2)
  A vampire (D:11)
  7 yaks
  A naga (Lair:3)
  5 water moccasins
  A black bear (Lair:2)
  An orc warrior (Bailey)
  An ice beast (D:8)
  3 wolves
  4 centaurs
  3 bullfrogs
  A gnoll sergeant (D:8)
  6 killer bees
  A howler monkey (D:8)
  A sleepcap (D:6)
  A gnoll bouda (D:7)
  5 orc priests
  2 hounds
  4 orc wizards
  5 iguanas
  4 gnolls
  3 adders
  A shadow imp (D:7)
  3 white imps (D:5)
  A worm (D:4)
  A dart slug (D:5)
  23 orcs
  A bat (D:1)
  5 endoplasms
  A giant cockroach (D:3)
  A goblin (D:2)
  4 hobgoblins
  3 jackals
  3 kobolds
  7 ball pythons
  3 frilled lizards
  3 rats
146 creatures vanquished.

Vanquished Creatures (collateral kills)
  A bone dragon (Abyss:3)
  Fannar (Lair:1)
  6 hydras
  4 death yaks (Lair:3)
  A skeletal warrior (D:9)
  A skyshark (Lair:2)
  A sixfirhy (Abyss:3)
  A large abomination (Abyss:3)
  An orc knight (Bailey)
  An ugly thing (D:11)
  2 black mambas (Lair:4)
  A gargoyle (D:11)
  Maggie (Lair:2)
  11 cane toads
  A rime drake (Lair:5)
  2 komodo dragons
  2 trolls
  13 blink frogs
  A tyrant leech (Lair:5)
  A raiju (Abyss:3)
  A dream sheep (D:7)
  2 slime creatures (D:11)
  Sigmund (D:3)
  A ynoxinul (Abyss:3)
  A vampire (D:10)
  A wyvern (Lair:3)
  12 yaks
  3 wraiths
  2 vampire mosquitoes (Lair:5)
  A neqoxec (Abyss:3)
  2 basilisks
  A steam dragon (D:8)
  2 nagas (Lair:3)
  3 acid dragons
  4 water moccasins
  6 orc warriors
  A black bear (Lair:3)
  10 wolves
  6 centaurs
  A phantom (D:6)
  7 bullfrogs
  A gnoll sergeant (D:7)
  A scorpion (Lair:3)
  9 killer bees
  4 howler monkeys
  4 orc priests
  A sleepcap (D:7)
  2 iguanas
  4 orc wizards
  14 gnolls
  An ufetubus (D:6)
  A worm (D:3)
  A dart slug (D:2)
  30 orcs
  3 endoplasms
  2 giant cockroaches
  3 goblins
  3 hobgoblins (D:10)
  3 jackals
  A quokka (D:5)
  5 ball pythons
  3 frilled lizards
  A kobold (D:3)
  2 rats
220 creatures vanquished.

Vanquished Creatures (others)
  The ghost of Raspi the Trooper, a novice KoFi of Ashenzari (D:7)
  Pikel (D:7)
  A slime creature (D:11)
  A wyvern (D:7)
  2 orc warriors
  A lemure (D:7)
  A small abomination (Abyss:3)
  A bullfrog (D:8)
  A killer bee (D:5)
  2 gnolls (D:8)
  3 orcs
  9 fungi
  61 plants
  4 starspawn tentacles (Abyss:3)
89 creatures vanquished.

Grand Total: 455 creatures vanquished

Notes
Turn   | Place    | Note
-------+----------+-------------------------------------------
     0 | D:1      | Flugkiller the Mummy Summoner began the quest for the Orb.
     0 | D:1      | Reached XP level 1. HP: 13/13 MP: 4/4
   117 | D:1      | Reached skill level 3 in Spellcasting
   198 | D:1      | Reached XP level 2. HP: 19/19 MP: 6/6
   823 | D:2      | Learned a level 2 spell: Call Imp
   862 | D:2      | Reached skill level 4 in Spellcasting
   862 | D:2      | Gained mutation: You are in touch with the powers of death.
                  | [Mummy growth]
   862 | D:2      | Reached XP level 3. HP: 21/24 MP: 4/8
  1429 | D:2      | Reached XP level 4. HP: 26/31 MP: 6/10
  1614 | D:2      | Learned a level 3 spell: Call Canine Familiar
  1799 | D:3      | Found a basalt altar of Yredelemnul.
  1801 | D:3      | Noticed a profane servitor
  1924 | D:3      | Reached skill level 1 in Fighting
  2006 | D:3      | Found a faded altar of an unknown god.
  2146 | D:3      | Noticed Sigmund
  2216 | D:3      | Killed Sigmund
  2217 | D:3      | Reached XP level 5. HP: 38/38 MP: 12/12
  2217 | D:3      | Reached XP level 6. HP: 44/44 MP: 13/13
  2768 | D:3      | Noticed an angel
  2830 | D:4      | Reached skill level 5 in Spellcasting
  2830 | D:4      | Reached skill level 5 in Summonings
  2923 | D:4      | Found a staircase to the Ecumenical Temple.
  2932 | Temple   | Entered the Ecumenical Temple
  3018 | Temple   | Became a worshipper of Ashenzari the Shackled
  3126 | D:4      | Learned a level 3 spell: Summon Guardian Golem
  3219 | D:4      | Found a snail-covered altar of Cheibriados.
  3432 | D:5      | Entered Level 5 of the Dungeon
  3548 | D:5      | Reached XP level 7. HP: 42/51 MP: 8/15
  3619 | D:5      | Found a bloodstained altar of Trog.
  3745 | D:5      | Reached skill level 6 in Spellcasting
  3914 | D:5      | Identified the +1 robe "Menewewk" {rN+ Str+2}
  3920 | D:5      | Reached * piety under Ashenzari
  4069 | D:5      | Reached XP level 8. HP: 36/58 MP: 13/18
  4133 | D:5      | Learned a level 4 spell: Summon Lightning Spire
  4137 | D:5      | Learned a level 3 spell: Frozen Ramparts
  4151 | D:5      | Reached skill level 7 in Spellcasting
  4410 | D:6      | Reached skill level 1 in Air Magic
  4427 | D:5      | Reached skill level 1 in Ice Magic
  4551 | D:6      | Reached ** piety under Ashenzari
  4836 | D:6      | Found a blossoming altar of Fedhas.
  4888 | D:7      | Noticed a dream sheep
  4903 | D:7      | Killed a dream sheep
  5064 | D:7      | Reached XP level 9. HP: 52/68 MP: 6/21
  5202 | D:7      | Noticed Pikel
  5250 | D:7      | Killed Pikel
  5297 | D:7      | Found Kiys Xyu's Weapon Shoppe.
  5388 | D:7      | Reached skill level 8 in Spellcasting
  5707 | D:7      | Found a runed translucent door.
  5708 | D:7      | Noticed Raspi's ghost (novice KoFi)
  5947 | D:7      | Killed Raspi's ghost
  6081 | D:8      | Noticed Maurice
  6099 | D:8      | Killed Maurice
  6347 | D:8      | Reached XP level 10. HP: 60/74 MP: 15/24
  7031 | D:8      | Reached skill level 5 in Fighting
  7144 | D:9      | Found a staircase to the Lair.
  7152 | D:9      | Reached *** piety under Ashenzari
  7316 | D:9      | Reached skill level 1 in Long Blades
  7637 | D:9      | Found an iron altar of Okawaru.
  7850 | D:9      | Found the +5 scythe "Finisher" {speed, execute}
  7870 | D:9      | Noticed a skeletal warrior
  7901 | D:9      | Killed a skeletal warrior
  7902 | D:9      | Reached skill level 5 in Dodging
  8127 | D:10     | Entered Level 10 of the Dungeon
  8205 | D:10     | Reached XP level 11. HP: 73/83 MP: 12/25
  8218 | D:10     | Noticed a two-headed ogre
  8246 | D:10     | Killed a two-headed ogre
  8247 | D:10     | Reached skill level 9 in Spellcasting
  8333 | D:10     | Identified the +0 ring mail of Trial and Error {rC++ Str-4
                  | Int+8}
  8366 | D:10     | Found a flagged portal.
  8386 | Bailey   | Entered a bailey
  8471 | Bailey   | Noticed an orc knight
  8484 | Bailey   | Killed an orc knight
  8518 | Bailey   | Reached **** piety under Ashenzari
  8548 | Bailey   | Reached skill level 10 in Spellcasting
  8783 | D:10     | Found a runed translucent gate.
  8783 | D:10     | Found a runed translucent gate.
  8785 | D:10     | Found a runed translucent gate.
  8785 | D:10     | Noticed muxecoid's ghost (novice MfBr)
  8797 | D:10     | Found a viscous altar of Jiyva.
  9095 | D:11     | Noticed a red ugly thing
  9305 | D:11     | Reached skill level 11 in Spellcasting
  9572 | D:11     | Found a staircase to the Orcish Mines.
  9610 | D:11     | Killed a red ugly thing
  9635 | D:11     | Reached skill level 12 in Spellcasting
  9639 | D:11     | Identified the +0 pair of boots of the Trout {Harm}
  9913 | D:11     | Noticed a wizard
  9915 | Abyss:3  | Cast into level 3 of the Abyss (a wizard)
  9958 | Abyss:3  | Found a corrupted altar of Lugonu.
 10021 | Abyss:3  | Noticed a large abomination
 10031 | Abyss:3  | Killed a large abomination
 10080 | Abyss:3  | Found a corrupted altar of Lugonu.
 10109 | Abyss:3  | Reached skill level 13 in Spellcasting
 10115 | Abyss:3  | Noticed a sixfirhy
 10130 | Abyss:3  | Killed a sixfirhy
 10175 | Abyss:3  | Found a corrupted altar of Lugonu.
 10210 | Abyss:3  | Noticed a wretched star
 10238 | Abyss:3  | Found a corrupted altar of Lugonu.
 10243 | Abyss:3  | Noticed a large abomination
 10257 | Abyss:3  | Killed a large abomination
 10276 | Abyss:3  | Noticed a tentacled starspawn
 10279 | Abyss:3  | Found a corrupted altar of Lugonu.
 10282 | Abyss:3  | Noticed a spatial maelstrom
 10285 | Abyss:3  | Noticed a large abomination
 10292 | Abyss:3  | Noticed a lich
 10344 | Abyss:3  | Noticed a tentacled starspawn
 10362 | Abyss:3  | Noticed a wretched star
 10362 | Abyss:3  | Noticed a cacodemon
 10364 | Abyss:3  | Noticed a naga warrior
 10384 | Abyss:3  | Noticed a starcursed mass
 10391 | Abyss:3  | Noticed a white very ugly thing
 10391 | Abyss:3  | Noticed a bone dragon
 10404 | Abyss:3  | Killed a bone dragon
 10405 | Abyss:3  | Reached skill level 14 in Spellcasting
 10405 | Abyss:3  | Reached XP level 12. HP: 68/94 MP: 28/34
 10407 | D:11     | Escaped the Abyss
 10702 | Lair:1   | Entered Level 1 of the Lair of Beasts
 10753 | Lair:1   | Noticed Fannar
 10782 | Lair:1   | Killed Fannar
 11194 | Lair:1   | Learned a level 6 spell: Summon Cactus Giant
 11419 | Lair:1   | Found an ancient bone altar of Kikubaaqudgha.
 11605 | Lair:2   | Found an ancient bone altar of Kikubaaqudgha.
 11719 | Lair:2   | Noticed a five-headed hydra
 11746 | Lair:2   | Killed a five-headed hydra
 11747 | Lair:2   | Reached skill level 10 in Summonings
 11793 | Lair:2   | Found a staircase to the Shoals.
 11898 | Lair:2   | Noticed Maggie
 11925 | Lair:2   | Killed Maggie
 11926 | Lair:2   | Reached skill level 1 in Translocations
 12113 | Lair:2   | Noticed a five-headed hydra
 12120 | Lair:2   | Killed a five-headed hydra
 12528 | Lair:3   | Found a staircase to the Snake Pit.
 12536 | Lair:3   | Noticed an eight-headed hydra
 12571 | Lair:3   | Killed an eight-headed hydra
 12931 | Lair:3   | Noticed a six-headed hydra
 12938 | Lair:3   | Killed a six-headed hydra
 12939 | Lair:3   | Reached skill level 15 in Spellcasting
 12939 | Lair:3   | Gained mutation: You are strongly in touch with the powers
                  | of death. [Mummy growth]
 12939 | Lair:3   | Reached XP level 13. HP: 103/103 MP: 29/35
 13476 | Lair:4   | Found a runed translucent door.
 13476 | Lair:4   | Found a viscous altar of Jiyva.
 13476 | Lair:4   | Found a staircase to the Slime Pits.
 13886 | Lair:4   | Reached skill level 16 in Spellcasting
 13941 | Lair:4   | Identified the +6 morningstar of Fundamental Breach {holy,
                  | rElec Str+3 Int+3 SInv}
 14227 | Lair:4   | Learned a level 5 spell: Summon Forest
 14332 | Lair:5   | Entered Level 5 of the Lair of Beasts
 14391 | Lair:5   | Reached skill level 1 in Shields
 14468 | Lair:5   | Learned a level 3 spell: Swiftness
 14533 | Lair:5   | HP: 4/103 [goliath frog (20)]
 14533 | Lair:5   | Splashed by a goliath frog's acid

Illustrated notes

Levels and vault maps discovered:
D:1:      kennysheep_arrival_seaside, layout_basic
D:2:      layout_basic
D:3:      layout_basic, grunt_temple_overflow_holy_war,
          chequers_ecumenical_altar_grove, uniq_sigmund
D:4:      layout_rooms, slow_altar_1, temple_pool_b
D:5:      layout_basic, elyvilon_altar_3, old_standard_altar
D:6:      layout_cave_pools, mainiacjoe_overflow_alcove_4
D:7:      layout_loops_corners, serial_shops, nicolae_shop_stone,
          gammafunk_ghost_grave, minivault_1, dreamdust_gnoll_shepherd,
          uniq_pikel
D:8:      layout_loops_ring, serial_aquarium, aquarium_bridge_square
          [aquarium_subvault_bridge, aquarium_subvault_bridge,
          aquarium_subvault_bridge, aquarium_subvault_window],
          aquarium_bridge_straight [aquarium_subvault_bridge,
          aquarium_subvault_wall, aquarium_subvault_bridge,
          aquarium_subvault_window], aquarium_window_1, aquarium_window_fake,
          aquarium_window_2, aquarium_view_2d, aquarium_view_2f,
          aquarium_balcony_3b, minmay_lizard_king, uniq_maurice
D:9:      layout_long_grid, mainiacjoe_overflow_24_doors, dpeg_oklobed_lair,
          chequers_serial_rivers_micro_d, minmay_guarded_unrand_finisher
D:10:     layout_loops_cross, gammafunk_ghost_ooze, enter_bailey_4
D:11:     cheibrodos_wizards_tower, layout_gridville
Temple:   bh_familiar_temple
Lair:1:   layout_loops_ring, basic_altar, uniq_fannar
Lair:2:   layout_hall_layers, minmay_shoals_entry_centaurs, basic_altar,
          grunt_megastairs_1, lemuel_fruit_fields, lemuel_fruit_tree,
          uniq_maggie
Lair:3:   layout_layer_cave, minmay_snake_entry_guardpost_small,
          grunt_megastairs_4
Lair:4:   layout_long_grid, slime_entry_2
Lair:5:   minmay_lair_end_frog_pond, layout_cave_pods, basic_altar, uniq_nessos

Skill      XL: |  1  2  3  4  5  6  7  8  9 10 11 12 13 |
---------------+----------------------------------------+-----
Spellcasting   | 3 4 5 6 7 8 14 15 16 | 16.5
Summonings     | 4 5 6 7 8 10 11 | 11.3
Fighting       | 2 3 4 5 6 |  6.4
Air Magic      | 1 4 |  4.7
Ice Magic      | 1 4 |  4.0
Evocations     | 2 3 4 |  4.8
Long Blades    | 2 |  2.0
Dodging        | 6 |  6.0
Translocations | 2 |  2.5
Shields        | 4 |  4.0
Stealth        | |  1.5

Action                     |  1- 3 |  4- 6 |  7- 9 | 10-12 | 13-15 || total
---------------------------+-------+-------+-------+-------+-------++-------
  Melee: Unarmed           |    26 |       |       |       |       ||    26
         Dagger            |    53 |       |       |       |       ||    53
         Punch             |     1 |     1 |     1 |     5 |       ||     8
         Scimitar          |     9 |    50 |   127 |   296 |    68 ||   550
   Cast: Summon Small Mamm |    35 |     3 |       |       |       ||    38
         Call Imp          |    15 |     4 |     3 |     8 |       ||    30
         Call Canine Famil |       |    20 |    36 |    27 |     2 ||    85
         Summon Guardian G |       |       |     8 |     9 |       ||    17
         Frozen Ramparts   |       |       |     2 |     8 |       ||    10
         Summon Lightning  |       |       |     5 |    61 |     4 ||    70
         Summon Cactus Gia |       |       |       |    27 |    24 ||    51
         Summon Forest     |       |       |       |       |     3 ||     3
         Swiftness         |       |       |       |       |     1 ||     1
 Invoke: Curse Item        |       |     1 |     3 |     4 |       ||     8
         Shatter the Chain |       |       |       |     2 |       ||     2
  Evoke: Wand              |       |       |     5 |    11 |     1 ||    17
    Use: Scroll            |       |     7 |     5 |     6 |     2 ||    20
   Stab: Distracted        |     2 |       |     1 |     8 |       ||    11
         Sleeping          |     2 |       |     1 |     2 |       ||     5
 Armour: Robe              |    30 |     4 |       |       |       ||    34
         Leather armour    |       |    13 |    97 |   194 |    41 ||   345
  Dodge: Dodged            |    64 |    35 |   123 |   332 |    68 ||   622
  Block: Buckler           |       |       |       |    36 |    15 ||    51
